 Dungeon Crawl Stone Soup version 0.26.1-10-gdfb7c7de75 (webtiles) character file.

Game seed: 8301238533644240574

9 Chiseanne the Magician (level 2, 18/19 HPs)
             Began as a Demonspawn Hedge Wizard on Mar 31, 2021.
             Quit the game on level 1 of the Dungeon.
             The game lasted 00:00:42 (372 turns).

Chiseanne the Magician (Demonspawn Hedge Wizard)     Turns: 372, Time: 00:00:43

Health: 18/19      AC:  2    Str: 10    XL:     2   Next: 6%
Magic:  0/6        EV: 12    Int: 15    God:
Gold:   0          SH:  0    Dex: 12    Spells: 6/7 levels left

rFire    . . .     SeeInvis .   a - +0 dagger
rCold    . . .     Faith    .   (no shield)
rNeg     . . .     Spirit   .   b - +0 robe
rPois    .         Reflect  .   c - +0 hat
rElec    .         Harm     .   (no cloak)
rCorr    .         Rampage  .   (no gloves)
Will     .....                  (no boots)
Stlth    ++........             (no amulet)
HPRegen  0.06/turn              (no ring)
MPRegen  0.10/turn              (no ring)

@: no status effects
A: talons 1
a: no special abilities


You were on level 1 of the Dungeon.
You visited 1 branch of the dungeon, and saw 1 of its levels.

Inventory:

Hand Weapons
 a - a +0 dagger (weapon)
Missiles
 h - 3 javelins
 i - 17 poisoned darts
Armour
 b - a +0 robe (worn)
 c - a +0 hat (worn)
Scrolls
 e - a scroll of fog {unknown}
 j - a scroll of random uselessness {unknown}
Potions
 d - a potion of cancellation {unknown}
 f - a potion of resistance {unknown}
 g - a potion of lignification {unknown}


   Skills:
 - Level 1.7 Dodging
 - Level 1.7 Stealth
 * Level 3.2 Spellcasting
 * Level 1.6 Conjurations
 - Level 1.0 Summonings
 - Level 0.8 Translocations


You had 6 spell levels left.
You knew the following spells:

 Your Spells              Type           Power        Failure   Level
a - Magic Dart            Conj           28%          10%         1

Your spell library contained the following spells:

 Spells                   Type           Power        Failure   Level
 Blink                    Tloc           N/A          21%         2
 Call Imp                 Summ           5%           21%         2
 Slow                     Hex            2%           30%         2
 Conjure Flame            Conj/Fire      4%           38%         3
 Mephitic Cloud           Conj/Pois/Air  4%           43%         3


Dungeon Overview and Level Annotations

Branches:
Dungeon (1/15)

Altars:


Innate Abilities, Weirdness & Mutations

You have sharp toenails.


Message History

Aim: a leopard gecko (severely wounded, 0% to evade)
The magic dart hits the leopard gecko but does no damage.
The leopard gecko is severely wounded.
Casting: Magic Dart (safe; 11% risk of failure)
Confirm with . or Enter, or press ? or * to list all spells.
Aiming: Magic Dart (safe; 11% risk of failure)
Press: ? - help, Shift-Dir - straight line, f/p - leopard gecko
Aim: a leopard gecko (severely wounded, 0% to evade)
The magic dart hits the leopard gecko but does no damage.
The leopard gecko is severely wounded.
The leopard gecko bites you.
You hit the leopard gecko but do no damage.
The leopard gecko is severely wounded.
The leopard gecko closely misses you.
You hit the leopard gecko.
You kill the leopard gecko!
You have reached level 2!
Your demonic ancestry asserts itself...
Your toenails lengthen and sharpen.
Are you sure you want to abandon this character and quit the game? (Confirm with "yes".)

######........###...##.#.###..♣♣
#########.......'...'.........PP
....### ##...[.##..÷#...........
......## ##..#.#....#.#..†......
'##....## #..#.#.##.#........###
.####...# #..#......#..........
....##..####.#.#.#..#.......♣♣♣♣
###..#...# #.#.#.#..#.........
..##.##..# #.#.#@#..#.......♣♣
<.##.##..# #...#.#### ..##.##..#
#...#.. '##..#...# #.#.#...
....##..####.#.##..# #####...#
#..#.# ..# ###....## #..#.# ..#
......## ##..#.# ..# ....###
##...#.#


There were no monsters in sight!

Vanquished Creatures
  2 leopard geckos (D:1)
  2 giant cockroaches (D:1)
  A hobgoblin (D:1)
  A bat (D:1)
  A kobold (D:1)
7 creatures vanquished.

Vanquished Creatures (others)
  A plant (D:1)
  2 toadstools (D:1)
3 creatures vanquished.

Grand Total: 10 creatures vanquished

Notes
Turn   | Place    | Note
-------+----------+-------------------------------------------
     0 | D:1      | Chiseanne the Demonspawn Hedge Wizard began the quest for
                  | the Orb.
     0 | D:1      | Reached XP level 1. HP: 13/13 MP: 4/4
   372 | D:1      | Gained mutation: You have sharp toenails. [demonic
                  | ancestry]
   372 | D:1      | Reached XP level 2. HP: 18/19 MP: 0/6
   372 | D:1      | Quit the game

Illustrated notes

Levels and vault maps discovered:
D:1:      dpeg_arrival_concentric_ovals, layout_basic, serial_forest,
          infiniplex_forest_fountain, infiniplex_forest_clump_small,
          infiniplex_forest_clump_cross, infiniplex_forest_clump_small,
          infiniplex_forest_straight_3, infiniplex_forest_clump_tiny,
          infiniplex_forest_straight_2, infiniplex_forest_lined_3_way,
          infiniplex_forest_end_3, infiniplex_forest_clump_small,
          minmay_gold_behind_fungi

Action                   || total
-------------------------++-------
Melee: Dagger            ||     5
 Cast: Magic Dart        ||    17
Dodge: Dodged            ||     3
